Monarchs vs Demolitions (R1)

Created - January 5, 2019 at 19:01

Goals
1 2 3 T
Monarchs 0 0 4 4
Demolitions 2 2 3 7
Shots
1 2 3 T
Monarchs 12 7 17 36
Demolitions 12 19 11 42

1st period

1. Demolitions , Michael Latta 11 (Erik Cole 20, Cameron Schilling 17) at 2:42
2. Demolitions , Corban Knight 10 (Cameron Schilling 18, Lane MacDermid 12) at 17:04

Penalties :
Billy Sweat (Vic) for Holding (Minor) at 5:08, Joel Vermin (Vic) for Holding (Minor) at 10:56

2nd period

3. Demolitions , Corban Knight 11 (Cameron Schilling 19, Lane MacDermid 13) at 2:09 (PP)
4. Demolitions , Corban Knight 12 (Lane MacDermid 14) at 13:35

Penalties :
Josh Morrissey (MAN) for High sticking (Minor) at 1:17, Lane MacDermid (Vic) for High sticking (Minor) at 6:37, Cameron Schilling (Vic) for Fighting (Major) at 13:52, Jonathan Drouin (MAN) for Fighting (Major) at 13:52, Lane MacDermid (Vic) for Tripping (Minor) at 19:20

3rd period

5. Monarchs , Marko Dano 13 (Andre Burakovsky 21, Jake McCabe 14) at 0:10 (PP)
6. Demolitions , Cameron Schilling 6 (Garnet Hathaway 22, Michael Latta 27) at 6:31 (PP)
7. Monarchs , Teuvo Teravainen 13 (Joel Armia 2) at 9:07
8. Monarchs , Andre Burakovsky 25 (Connor Brown 39, Will Butcher 9) at 11:03 (PP)
9. Monarchs , Will Butcher 1 (Marko Dano 26, Jake McCabe 15) at 11:41 (PP)
10. Demolitions , Joel Vermin 3 (Billy Sweat 8, Andrej Nestrasil 7) at 12:37
11. Demolitions , Garnet Hathaway 19 (Corban Knight 19) at 13:13

Penalties :
Andre Burakovsky (MAN) for Roughing (Minor) at 1:51, Artturi Lehkonen (MAN) for Delaying the game (Minor) at 5:02, Lane MacDermid (Vic) for High sticking (Minor) at 10:51, Lane MacDermid (Vic) for Hooking (Minor) at 11:30

Goalie Stats

Anders Lindback (MAN), 35 saves from 42 shots - (0.833), L, 13-9-2, 60:00 minutes
Connor Hellebyuk (Vic), 32 saves from 36 shots - (0.889), W, 12-5-1, 60:00 minutes

Players Stats for Monarchs

Player Name              G  A  P  +/- PIM S  H  SB GA TA FO     MP     PP MP  PK MP  
------------------------------------------------------------------------------------
Alec Martinez            0  0  0  -2  0   0  0  2  1  1  0/0    20:21   0:00   2:21 
Andre Burakovsky         1  1  2  -2  2   1  0  0  0  0  0/0    19:21   4:00   0:00 
Andrei Mironov           0  0  0   0  0   0  0  0  0  0  0/0     6:00   0:00   0:00 
Artturi Lehkonen         0  0  0   0  2   0  1  0  0  0  0/0     8:57   0:00   0:00 
Chris Thorburn           0  0  0  -2  0   2  0  1  0  2  0/1    16:33   0:08   1:07 
Chris Tierney            0  0  0   0  0   1  0  0  0  0  2/7    14:31   2:45   1:07 
Connor Brown             0  1  1  -2  0   3  3  0  1  1  1/1    19:31   4:08   0:00 
Daultan Leveillé         0  0  0  -2  0   5  2  0  0  1  11/25  18:01   0:08   2:34 
David Fischer            0  0  0   0  0   0  0  0  0  0  0/0     3:10   0:00   0:00 
Dennis Everberg          0  0  0   0  0   4  2  0  0  0  0/0    10:47   0:00   2:34 
Jake McCabe              0  2  2   0  0   5  2  1  1  1  0/0    21:47   4:25   2:21 
Joel Armia               0  1  1   0  0   1  2  0  0  0  0/0    12:40   3:02   0:00 
Jon Merrill              0  0  0  -2  0   3  2  6  0  4  0/0    25:43   0:00   1:59 
Jonathan Drouin          0  0  0  -2  5   1  2  0  0  1  1/3    16:00   3:02   0:00 
Josh Morrissey           0  0  0  -2  2   0  2  1  0  0  0/0    17:04   2:45   1:27 
Marko Dano               1  1  2  -2  0   6  1  0  0  0  11/28  20:15   4:00   0:39 
Ryan White               0  0  0   0  0   0  0  0  1  0  0/1     8:12   0:00   0:00 
Teuvo Teravainen         1  0  1   0  0   2  4  0  0  0  0/0    14:02   3:02   0:39 
Will Butcher             1  1  2  -2  0   2  3  3  1  0  0/0    22:41   4:25   0:32 

Players Stats for Demolitions

Player Name              G  A  P  +/- PIM S  H  SB GA TA FO     MP     PP MP  PK MP  
------------------------------------------------------------------------------------
Aaron Palushaj           0  0  0   0  0   0  0  0  0  0  0/0     8:32   0:00   0:00 
Alex Hutchings           0  0  0   0  0   0  0  0  0  0  0/0     1:03   0:00   1:02 
Andrej Nestrasil         0  1  1   0  0   3  0  0  0  0  1/2    10:16   0:00   0:00 
Billy Sweat              0  1  1   0  2   2  1  1  1  1  1/1    10:16   0:00   0:00 
Brandon McMillan         0  0  0   0  0   2  1  0  0  0  0/0     8:32   0:00   0:00 
Cameron Schilling        1  3  4   2  5   5  3  1  1  0  0/0    16:19   1:36   3:11 
Colton Sceviour          0  0  0   0  0   0  0  0  0  0  0/0     1:09   0:00   1:09 
Corban Knight            3  1  4   3  0   7  1  0  0  0  12/18  15:13   1:54   0:00 
Derek Forbort            0  0  0   0  0   0  0  0  0  0  0/0     5:46   0:00   0:00 
Dmitri Orlov             0  0  0   2  0   0  0  1  1  0  0/0    18:43   1:36   3:11 
Erik Cole                0  1  1   1  0   0  3  1  2  0  6/7    22:50   2:26   4:01 
Garnet Hathaway          1  1  2   3  0   6  0  0  1  1  1/1    17:16   1:54   2:03 
JC Lipon                 0  0  0   0  0   0  0  0  0  0  0/0     0:00   0:00   0:00 
Joel Vermin              1  0  1   0  2   1  1  0  0  0  0/0    10:16   0:00   0:00 
Jonathan Blum            0  0  0   1  0   3  2  2  0  0  0/0    26:38   2:44   3:59 
Justin Falk              0  0  0   1  0   1  0  2  1  0  0/0    26:38   2:44   3:59 
Lane MacDermid           0  3  3   3  8   2  2  0  0  0  0/0    15:09   1:54   0:00 
Michael Latta            1  1  2   1  0   4  1  0  3  1  17/30  20:50   2:26   2:03 
Nick Pryor               0  0  0   0  0   0  0  0  0  0  0/0     5:46   0:00   0:00 
Nick Shore               0  0  0   0  0   0  0  0  0  0  0/0     0:00   0:00   0:00 
Phil McRae               0  0  0   0  0   4  0  0  1  1  1/4     8:32   0:00   0:00 
Robert Bortuzzo          0  0  0   1  0   0  1  0  0  1  0/0    11:16   0:00   0:00 
Ryan Olsen               0  0  0   0  0   0  0  0  0  0  0/0     0:00   0:00   0:00 
Spencer Machacek         0  0  0   1  0   1  3  1  0  0  1/3    22:50   2:26   4:02 
Taylor Aronson           0  0  0   1  0   1  1  0  0  0  0/0     8:53   0:00   0:00 

3 Stars

1 - Corban Knight (Vic)
2 - Cameron Schilling (Vic)
3 - Garnet Hathaway (Vic)

Power Play

Monarchs - 3 on 6 Attempt(s) - 50.00%
Demolitions - 2 on 3 Attempt(s) - 66.67%

Penalty Kill

Monarchs - 1 on 3 Attempt(s) - 33.33% - Score 0 goal in Penalty Kill
Demolitions - 3 on 6 Attempt(s) - 50.00% - Score 0 goal in Penalty Kill

Team Stat

Monarchs - Hits : 26 - Faceoff Wins : 26 - Blocked Shots : 14 - Penalty Minutes : 11
Demolitions - Hits : 20 - Faceoff Wins : 40 - Blocked Shots : 9 - Penalty Minutes : 17

Official

Referees : Unknown
Linesman : Unknown

Game Notes

David Fischer is injured at 16:00 of 1st period (Sprained Left Finger)
Corban Knight has scored a Hat Trick!
Jonathan Drouin beats up Cameron Schilling at 13:52 of 2nd period

Finance

Level 1 -- Attendance: 1414 (70.70%) -- Ticket Income $36,764
Level 2 -- Attendance: 675 (67.50%) -- Ticket Income $6,075
Total Attendance: 2089 (69.63%)
Total Ticket Income: $42,839
Other Income: $2,142
Total Income: $44,981

Monarchs

5 vs 5 Forward 
   Center                   Left Wing                Right Wing               Time % Phy DF OF 
 1 Marko Dano               Andre Burakovsky         Connor Brown             35     1   1  3  
 2 Daultan Leveillé         Jonathan Drouin          Chris Thorburn           35     1   2  2  
 3 Chris Tierney            Teuvo Teravainen         Joel Armia               25     1   2  2  
 4 Ryan White               Artturi Lehkonen         Dennis Everberg          5      1   2  2  

5 vs 5 Defense 
   Defense                  Defense                                           Time % Phy DF OF 
 1 Jon Merrill              Will Butcher                                      35     0   3  2  
 2 Jake McCabe              David Fischer                                     30     0   3  2  
 3 Alec Martinez            Josh Morrissey                                    25     0   3  2  
 4 Jon Merrill              Andrei Mironov                                    10     1   3  1  

PowerPlay Forward 
   Center                   Left Wing                Right Wing               Time % Phy DF OF 
 1 Marko Dano               Andre Burakovsky         Connor Brown             60     0   1  4  
 2 Jonathan Drouin          Teuvo Teravainen         Joel Armia               40     0   1  4  

PowerPlay Defense
   Defense                  Defense                                           Time % Phy DF OF 
 1 Will Butcher             Jake McCabe                                       60     0   2  3  
 2 Chris Tierney            Josh Morrissey                                    40     0   2  3  

Penalty Kill 4 Players Forward 
   Center                   Wing                     Time % Phy DF OF 
 1 Daultan Leveillé         Dennis Everberg          60     0   4  1  
 2 Chris Tierney            Chris Thorburn           40     0   4  1  

Penalty Kill 4 Players Defense
   Defense                  Defense                  Time % Phy DF OF 
 1 Jake McCabe              Alec Martinez            60     0   5  0  
 2 Jon Merrill              David Fischer            40     0   5  0  

Penalty Kill - 3 Players Forward 
   Forward                                           Time % Phy DF OF 
 1 Daultan Leveillé                                  60     1   4  0  
 2 Chris Tierney                                     40     1   4  0  

Penalty Kill - 3 Players Defense
   Defense                  Defense                  Time % Phy DF OF 
 1 Alec Martinez            David Fischer            60     0   5  0  
 2 Jake McCabe              Jon Merrill              40     0   5  0  

4 vs 4 Forward 
   Center                   Wing                     Time % Phy DF OF 
 1 Marko Dano               Teuvo Teravainen         60     1   2  2  
 2 Connor Brown             Daultan Leveillé         40     1   2  2  

4 vs 4 Defense
   Defense                  Defense                  Time % Phy DF OF 
 1 Alec Martinez            Will Butcher             60     1   2  2  
 2 Jake McCabe              Josh Morrissey           40     1   2  2  

Last Minutes Offensive
   Center                   Left Wing                Right Wing               Defense                  Defense                  
   Marko Dano               Teuvo Teravainen         Connor Brown             Jake McCabe              Will Butcher             

Last Minutes Defensive
   Center                   Left Wing                Right Wing               Defense                  Defense                  
   Chris Tierney            Daultan Leveillé         Chris Thorburn           Jake McCabe              Jon Merrill              

Goaltenders
Starting : Anders Lindback          
Backup : Eric Comrie              

Extra Forwards
Normal : Marko Dano, Chris Tierney, Teuvo Teravainen - PP : Daultan Leveillé, Chris Thorburn - PK : Marko Dano
Extra Defensemen
Normal : Jake McCabe, Alec Martinez, Jon Merrill - PP : Jon Merrill - PK : Josh Morrissey, Will Butcher
Penalty Shots
Andre Burakovsky, Teuvo Teravainen, Marko Dano, Dennis Everberg, Ryan White

Scratches
Brian Boyle (Fractured Metatarsal (Right Foot) Injury), Colin Smith (Healthy), Mike Hoffman (Healthy), Adam Tambellini (Healthy), Eric Karlsson (Healthy)
Darnell Nurse (Bruised Right Arm Injury), Anthony Peluso (Healthy), Tyler Beskorowany (Healthy)

Demolitions

5 vs 5 Forward 
   Center                   Left Wing                Right Wing               Time % Phy DF OF 
 1 Michael Latta            Erik Cole                Spencer Machacek         40     1   2  2  
 2 Corban Knight            Lane MacDermid           Garnet Hathaway          30     1   2  2  
 3 Andrej Nestrasil         Billy Sweat              Joel Vermin              20     1   2  2  
 4 Phil McRae               Brandon McMillan         Aaron Palushaj           10     1   2  2  

5 vs 5 Defense 
   Defense                  Defense                                           Time % Phy DF OF 
 1 Justin Falk              Jonathan Blum                                     40     1   2  2  
 2 Cameron Schilling        Dmitri Orlov                                      30     1   2  2  
 3 Robert Bortuzzo          Taylor Aronson                                    20     1   2  2  
 4 Derek Forbort            Nick Pryor                                        10     1   2  2  

PowerPlay Forward 
   Center                   Left Wing                Right Wing               Time % Phy DF OF 
 1 Michael Latta            Erik Cole                Spencer Machacek         60     1   2  2  
 2 Corban Knight            Lane MacDermid           Garnet Hathaway          40     1   2  2  

PowerPlay Defense
   Defense                  Defense                                           Time % Phy DF OF 
 1 Justin Falk              Jonathan Blum                                     60     1   2  2  
 2 Cameron Schilling        Dmitri Orlov                                      40     1   2  2  

Penalty Kill 4 Players Forward 
   Center                   Wing                     Time % Phy DF OF 
 1 Erik Cole                Spencer Machacek         60     1   2  2  
 2 Garnet Hathaway          Michael Latta            40     1   2  2  

Penalty Kill 4 Players Defense
   Defense                  Defense                  Time % Phy DF OF 
 1 Justin Falk              Jonathan Blum            60     1   2  2  
 2 Cameron Schilling        Dmitri Orlov             40     1   2  2  

Penalty Kill - 3 Players Forward 
   Forward                                           Time % Phy DF OF 
 1 Erik Cole                                         60     1   2  2  
 2 Spencer Machacek                                  40     1   2  2  

Penalty Kill - 3 Players Defense
   Defense                  Defense                  Time % Phy DF OF 
 1 Justin Falk              Jonathan Blum            60     1   2  2  
 2 Cameron Schilling        Dmitri Orlov             40     1   2  2  

4 vs 4 Forward 
   Center                   Wing                     Time % Phy DF OF 
 1 Erik Cole                Spencer Machacek         60     1   2  2  
 2 Garnet Hathaway          Michael Latta            40     1   2  2  

4 vs 4 Defense
   Defense                  Defense                  Time % Phy DF OF 
 1 Justin Falk              Jonathan Blum            60     1   2  2  
 2 Cameron Schilling        Dmitri Orlov             40     1   2  2  

Last Minutes Offensive
   Center                   Left Wing                Right Wing               Defense                  Defense                  
   Michael Latta            Erik Cole                Spencer Machacek         Justin Falk              Jonathan Blum            

Last Minutes Defensive
   Center                   Left Wing                Right Wing               Defense                  Defense                  
   Michael Latta            Erik Cole                Spencer Machacek         Justin Falk              Jonathan Blum            

Goaltenders
Starting : Connor Hellebyuk         
Backup : Karri Ramo               

Extra Forwards
Normal : Alex Hutchings, Nick Shore, Colton Sceviour - PP : Alex Hutchings, Nick Shore - PK : Colton Sceviour
Extra Defensemen
Normal : Robert Bortuzzo, Taylor Aronson, Derek Forbort - PP : Robert Bortuzzo - PK : Taylor Aronson, Derek Forbort
Penalty Shots
Erik Cole, Spencer Machacek, Garnet Hathaway, Michael Latta, Lane MacDermid

Scratches
Thomas DiPauli (Healthy), Taylor Leier (Healthy), Jake Paterson (Healthy)

% Time on Ice - Monarchs

Lines # - Real PCT - Wanted PCT - Time Play
Normal Forward
1 - 32% - 35% - 15:24
2 - 32% - 35% - 15:20
3 - 20% - 25% - 9:34
4 - 17% - 5% - 8:12
Normal Defense
1 - 37% - 35% - 17:44
2 - 31% - 30% - 14:58
3 - 24% - 25% - 11:25
4 - 9% - 10% - 4:23
PP Forward
1 - 58% - 60% - 4:08
2 - 42% - 40% - 3:02
PP Defense
1 - 62% - 60% - 4:25
2 - 38% - 40% - 2:45
PK Forward
1 - 74% - 60% - 3:13
2 - 26% - 40% - 1:07
PK Defense
1 - 54% - 60% - 2:21
2 - 46% - 40% - 1:59
PK3 Forward
1 - 0% - 60%
2 - 0% - 40%
PK3 Defense
1 - 0% - 60%
2 - 0% - 40%
44 Forward
1 - 0% - 60%
2 - 0% - 40%
44 Defense
1 - 0% - 60%
2 - 0% - 40%
Last Minute Offensive  - 0:00
Last Minute Defensive  - 0:00
Total
Forward - 60:00
Defense - 60:00

% Time on Ice - Demolitions

Lines # - Real PCT - Wanted PCT - Time Play
Normal Forward
1 - 34% - 40% - 16:23
2 - 27% - 30% - 13:19
3 - 21% - 20% - 10:16
4 - 18% - 10% - 8:32
Normal Defense
1 - 41% - 40% - 19:55
2 - 29% - 30% - 13:56
3 - 18% - 20% - 8:53
4 - 12% - 10% - 5:46
PP Forward
1 - 56% - 60% - 2:26
2 - 44% - 40% - 1:54
PP Defense
1 - 63% - 60% - 2:44
2 - 37% - 40% - 1:36
PK Forward
1 - 71% - 60% - 5:07
2 - 29% - 40% - 2:03
PK Defense
1 - 56% - 60% - 3:59
2 - 44% - 40% - 3:11
PK3 Forward
1 - 0% - 60%
2 - 0% - 40%
PK3 Defense
1 - 0% - 60%
2 - 0% - 40%
44 Forward
1 - 0% - 60%
2 - 0% - 40%
44 Defense
1 - 0% - 60%
2 - 0% - 40%
Last Minute Offensive  - 0:00
Last Minute Defensive  - 0:00
Total
Forward - 60:00
Defense - 60:00

Play-by-Play

1st period


0:01 of 1st period - Marko Dano wins face-off versus Michael Latta in neutral zone.
0:12 of 1st period - Wrist shot by Marko Dano.
0:12 of 1st period - Stopped by Connor Hellebyuk without a rebound.
0:13 of 1st period - Corban Knight wins face-off versus Jonathan Drouin in Demolitions zone.
0:47 of 1st period - Snap shot by Teuvo Teravainen.
0:47 of 1st period - Stopped by Connor Hellebyuk with a rebound.
1:16 of 1st period - Off-side.
1:17 of 1st period - Marko Dano wins face-off versus Phil McRae in neutral zone.
2:31 of 1st period - Connor Brown is hit by Spencer Machacek and loses puck.
2:38 of 1st period - Slapshot by Michael Latta.
2:38 of 1st period - Shot Misses the Net.
2:40 of 1st period - Slapshot by Cameron Schilling.
2:40 of 1st period - Stopped by Anders Lindback with a rebound.
2:42 of 1st period - Wrist shot by Erik Cole.
2:42 of 1st period - Deflect By Michael Latta.
2:42 of 1st period - Goal by Michael Latta - Monarchs : 0 - Demolitions : 1.
2:43 of 1st period - Billy Sweat wins face-off versus Chris Thorburn in neutral zone.
2:46 of 1st period - Snap shot by Andrej Nestrasil.
2:46 of 1st period - Stopped by Anders Lindback with a rebound.
3:55 of 1st period - Wrist shot by Chris Thorburn.
3:55 of 1st period - Shot Misses the Net.
3:57 of 1st period - Slapshot by Jake McCabe.
3:57 of 1st period - Stopped by Connor Hellebyuk with a rebound.
3:59 of 1st period - Snap shot by Daultan Leveillé.
3:59 of 1st period - Stopped by Connor Hellebyuk with a rebound.
4:01 of 1st period - Snap shot by Jake McCabe.
4:01 of 1st period - Stopped by Connor Hellebyuk with a rebound.
4:03 of 1st period - Slapshot by Chris Thorburn.
4:03 of 1st period - Deflect By Daultan Leveillé.
4:03 of 1st period - Stopped by Connor Hellebyuk without a rebound.
4:04 of 1st period - Corban Knight wins face-off versus Chris Tierney in Demolitions zone.
4:32 of 1st period - Off-side.
4:33 of 1st period - Daultan Leveillé wins face-off versus Andrej Nestrasil in neutral zone.
5:08 of 1st period - Minor Penalty to Billy Sweat for Holding.
5:09 of 1st period - Erik Cole wins face-off versus Marko Dano in Demolitions zone.
5:35 of 1st period - Erik Cole is hit by Jonathan Drouin and loses puck.
7:08 of 1st period - Penalty to Billy Sweat is over, Billy Sweat is back on ice.
7:15 of 1st period - Phil McRae is hit by Dennis Everberg.
8:10 of 1st period - Jake McCabe is hit by Michael Latta and loses puck.
8:35 of 1st period - Snap shot by Brandon McMillan.
8:35 of 1st period - Shot Misses the Net.
8:37 of 1st period - Wrist shot by Phil McRae.
8:37 of 1st period - Stopped by Anders Lindback with a rebound.
8:39 of 1st period - Snap shot by Brandon McMillan.
8:39 of 1st period - Stopped by Anders Lindback with a rebound.
8:55 of 1st period - Wrist shot by Andrej Nestrasil.
8:55 of 1st period - Stopped by Anders Lindback with a rebound.
9:33 of 1st period - Slapshot by Corban Knight.
9:33 of 1st period - Shot Misses the Net.
10:56 of 1st period - Minor Penalty to Joel Vermin for Holding.
10:57 of 1st period - Erik Cole wins face-off versus Marko Dano in Demolitions zone.
11:08 of 1st period - Slapshot by Connor Brown.
11:08 of 1st period - Stopped by Connor Hellebyuk with a rebound.
11:22 of 1st period - Jonathan Drouin is hit by Cameron Schilling and loses puck.
12:09 of 1st period - Jonathan Drouin is hit by Cameron Schilling and loses puck.
12:56 of 1st period - Penalty to Joel Vermin is over, Joel Vermin is back on ice.
13:22 of 1st period - Jake McCabe is hit by Brandon McMillan.
13:38 of 1st period - Lane MacDermid is hit by Jon Merrill and loses puck.
14:09 of 1st period - Snap shot by Michael Latta.
14:09 of 1st period - Stopped by Anders Lindback without a rebound.
14:10 of 1st period - Corban Knight wins face-off versus Chris Tierney in Monarchs zone.
14:21 of 1st period - Snap shot by Garnet Hathaway.
14:21 of 1st period - Shot Misses the Net.
15:41 of 1st period - Brandon McMillan is hit by Joel Armia and loses puck.
15:46 of 1st period - Snap shot by Joel Armia.
15:46 of 1st period - Stopped by Connor Hellebyuk without a rebound.
15:47 of 1st period - Michael Latta wins face-off versus Marko Dano in Demolitions zone.
15:47 of 1st period - Michael Latta is hit by Connor Brown.
15:59 of 1st period - David Fischer is hit by Spencer Machacek and loses puck.
16:00 of 1st period - David Fischer from Monarchs is injured at 16:00 of 1st period (Sprained Left Finger).
16:01 of 1st period - Erik Cole wins face-off versus Marko Dano in Monarchs zone.
16:17 of 1st period - Off-side.
16:18 of 1st period - Corban Knight wins face-off versus Jonathan Drouin in neutral zone.
16:21 of 1st period - Snap shot by Corban Knight.
16:21 of 1st period - Stopped by Anders Lindback without a rebound.
16:22 of 1st period - Daultan Leveillé wins face-off versus Corban Knight in Monarchs zone.
16:22 of 1st period - Daultan Leveillé is hit by Corban Knight.
16:34 of 1st period - Slapshot by Garnet Hathaway.
16:34 of 1st period - Stopped by Anders Lindback without a rebound.
16:35 of 1st period - Marko Dano wins face-off versus Michael Latta in Monarchs zone.
16:46 of 1st period - Wrist shot by Spencer Machacek.
16:46 of 1st period - Stopped by Anders Lindback with a rebound.
17:02 of 1st period - Slapshot by Lane MacDermid.
17:02 of 1st period - Shot Blocked by Chris Thorburn.
17:04 of 1st period - Wrist shot by Cameron Schilling.
17:04 of 1st period - Deflect By Corban Knight.
17:04 of 1st period - Goal by Corban Knight - Monarchs : 0 - Demolitions : 2.
17:05 of 1st period - Michael Latta wins face-off versus Marko Dano in neutral zone.
17:12 of 1st period - Wrist shot by Spencer Machacek.
17:12 of 1st period - Shot Misses the Net.
17:35 of 1st period - Will Butcher is hit by Lane MacDermid and loses puck.
17:39 of 1st period - Icing by Chris Thorburn.
17:40 of 1st period - Spencer Machacek wins face-off versus Daultan Leveillé in Monarchs zone.
18:27 of 1st period - Wrist shot by Joel Armia.
18:27 of 1st period - Shot Misses the Net.
18:29 of 1st period - Wrist shot by Chris Tierney.
18:29 of 1st period - Shot Misses the Net.
18:31 of 1st period - Wrist shot by Chris Tierney.
18:31 of 1st period - Stopped by Connor Hellebyuk with a rebound.
18:33 of 1st period - Slapshot by Jon Merrill.
18:33 of 1st period - Stopped by Connor Hellebyuk with a rebound.
18:51 of 1st period - Slapshot by Ryan White.
18:51 of 1st period - Shot Misses the Net.
18:53 of 1st period - Snap shot by Jake McCabe.
18:53 of 1st period - Stopped by Connor Hellebyuk with a rebound.
18:55 of 1st period - Slapshot by Alec Martinez.
18:55 of 1st period - Deflect By Dennis Everberg.
18:55 of 1st period - Shot Misses the Net.
18:55 of 1st period - Puck is out of play.
18:56 of 1st period - Marko Dano wins face-off versus Michael Latta in Demolitions zone.
19:02 of 1st period - Slapshot by Marko Dano.
19:02 of 1st period - Stopped by Connor Hellebyuk with a rebound.
19:38 of 1st period - Slapshot by Corban Knight.
19:38 of 1st period - Stopped by Anders Lindback with a rebound.
Goals for this period are 0 for Monarchs vs 2 for Demolitions.
Shots for this period are 12 for Monarchs vs 12 for Demolitions.

2nd period


0:01 of 2nd period - Michael Latta wins face-off versus Marko Dano in neutral zone.
0:04 of 2nd period - Slapshot by Jonathan Blum.
0:04 of 2nd period - Shot Blocked by Jon Merrill.
0:06 of 2nd period - Slapshot by Michael Latta.
0:06 of 2nd period - Deflect By Erik Cole.
0:06 of 2nd period - Shot Blocked by Will Butcher.
0:06 of 2nd period - Puck is out of play.
0:07 of 2nd period - Michael Latta wins face-off versus Marko Dano in Monarchs zone.
0:28 of 2nd period - Michael Latta is hit by Connor Brown and loses puck.
0:39 of 2nd period - Justin Falk is hit by Marko Dano.
1:01 of 2nd period - Slapshot by Marko Dano.
1:01 of 2nd period - Shot Blocked by Spencer Machacek.
1:03 of 2nd period - Backhand shot by Marko Dano.
1:03 of 2nd period - Stopped by Connor Hellebyuk without a rebound.
1:04 of 2nd period - Corban Knight wins face-off versus Daultan Leveillé in Demolitions zone.
1:04 of 2nd period - Corban Knight is hit by Josh Morrissey.
1:07 of 2nd period - Icing by Garnet Hathaway.
1:08 of 2nd period - Corban Knight wins face-off versus Daultan Leveillé in Demolitions zone.
1:08 of 2nd period - Corban Knight is hit by Jonathan Drouin.
1:17 of 2nd period - Minor Penalty to Josh Morrissey for High sticking.
1:18 of 2nd period - Michael Latta wins face-off versus Daultan Leveillé in Monarchs zone.
1:19 of 2nd period - Snap shot by Jonathan Blum.
1:19 of 2nd period - Stopped by Anders Lindback with a rebound.
1:29 of 2nd period - Wrist shot by Jonathan Blum.
1:29 of 2nd period - Shot Blocked by Alec Martinez.
1:55 of 2nd period - Slapshot by Jonathan Blum.
1:55 of 2nd period - Deflect By Corban Knight.
1:55 of 2nd period - Shot Blocked by Jon Merrill.
1:55 of 2nd period - Puck is out of play.
1:56 of 2nd period - Corban Knight wins face-off versus Chris Tierney in Monarchs zone.
1:59 of 2nd period - Snap shot by Lane MacDermid.
1:59 of 2nd period - Shot Misses the Net.
2:05 of 2nd period - Snap shot by Lane MacDermid.
2:05 of 2nd period - Shot Misses the Net.
2:07 of 2nd period - Slapshot by Cameron Schilling.
2:07 of 2nd period - Shot Blocked by Will Butcher.
2:09 of 2nd period - Snap shot by Cameron Schilling.
2:09 of 2nd period - Deflect By Corban Knight.
2:09 of 2nd period - Goal by Corban Knight - Monarchs : 0 - Demolitions : 3.
2:10 of 2nd period - Daultan Leveillé wins face-off versus Michael Latta in neutral zone.
2:13 of 2nd period - Snap shot by Daultan Leveillé.
2:13 of 2nd period - Shot Blocked by Dmitri Orlov.
2:23 of 2nd period - Wrist shot by Michael Latta.
2:23 of 2nd period - Stopped by Anders Lindback without a rebound.
2:24 of 2nd period - Chris Tierney wins face-off versus Corban Knight in Monarchs zone.
2:57 of 2nd period - Snap shot by Chris Thorburn.
2:57 of 2nd period - Stopped by Connor Hellebyuk without a rebound.
2:58 of 2nd period - Corban Knight wins face-off versus Marko Dano in Demolitions zone.
3:13 of 2nd period - Wrist shot by Connor Brown.
3:13 of 2nd period - Shot Misses the Net.
3:23 of 2nd period - Will Butcher is hit by Spencer Machacek and loses puck.
3:55 of 2nd period - Slapshot by Dennis Everberg.
3:55 of 2nd period - Stopped by Connor Hellebyuk with a rebound.
5:46 of 2nd period - Backhand shot by Brandon McMillan.
5:46 of 2nd period - Stopped by Anders Lindback without a rebound.
5:47 of 2nd period - Marko Dano wins face-off versus Phil McRae in Monarchs zone.
6:01 of 2nd period - Off-side.
6:02 of 2nd period - Daultan Leveillé wins face-off versus Michael Latta in neutral zone.
6:29 of 2nd period - Corban Knight is hit by Connor Brown and loses puck.
6:34 of 2nd period - Slapshot by Connor Brown.
6:34 of 2nd period - Stopped by Connor Hellebyuk without a rebound.
6:35 of 2nd period - Corban Knight wins face-off versus Chris Tierney in Demolitions zone.
6:37 of 2nd period - Minor Penalty to Lane MacDermid for High sticking.
6:38 of 2nd period - Marko Dano wins face-off versus Spencer Machacek in Demolitions zone.
6:40 of 2nd period - Wrist shot by Marko Dano.
6:40 of 2nd period - Stopped by Connor Hellebyuk with a rebound.
6:42 of 2nd period - Slapshot by Marko Dano.
6:42 of 2nd period - Shot Blocked by Jonathan Blum.
7:56 of 2nd period - Slapshot by Cameron Schilling.
7:56 of 2nd period - Stopped by Anders Lindback with a rebound.
8:06 of 2nd period - Michael Latta is hit by Will Butcher and loses puck.
8:37 of 2nd period - Penalty to Lane MacDermid is over, Lane MacDermid is back on ice.
8:50 of 2nd period - Joel Vermin is hit by Dennis Everberg and loses puck.
9:59 of 2nd period - Erik Cole is hit by Teuvo Teravainen and loses puck.
10:31 of 2nd period - Icing by Lane MacDermid.
10:32 of 2nd period - Jonathan Drouin wins face-off versus Corban Knight in Demolitions zone.
10:33 of 2nd period - Slapshot by Daultan Leveillé.
10:33 of 2nd period - Stopped by Connor Hellebyuk with a rebound.
10:45 of 2nd period - Snap shot by Garnet Hathaway.
10:45 of 2nd period - Shot Hit the Post.
10:49 of 2nd period - Slapshot by Garnet Hathaway.
10:49 of 2nd period - Stopped by Anders Lindback with a rebound.
11:21 of 2nd period - Snap shot by Lane MacDermid.
11:21 of 2nd period - Shot Blocked by Jon Merrill.
11:23 of 2nd period - Slapshot by Nick Pryor.
11:23 of 2nd period - Deflect By Lane MacDermid.
11:23 of 2nd period - Stopped by Anders Lindback without a rebound.
11:24 of 2nd period - Marko Dano wins face-off versus Michael Latta in Monarchs zone.
12:27 of 2nd period - Slapshot by Justin Falk.
12:27 of 2nd period - Stopped by Anders Lindback with a rebound.
12:41 of 2nd period - Slapshot by Jonathan Drouin.
12:41 of 2nd period - Stopped by Connor Hellebyuk with a rebound.
12:53 of 2nd period - Wrist shot by Corban Knight.
12:53 of 2nd period - Stopped by Anders Lindback without a rebound.
12:54 of 2nd period - Garnet Hathaway wins face-off versus Chris Tierney in Monarchs zone.
12:57 of 2nd period - Wrist shot by Garnet Hathaway.
12:57 of 2nd period - Stopped by Anders Lindback without a rebound.
12:58 of 2nd period - Corban Knight wins face-off versus Marko Dano in Monarchs zone.
12:59 of 2nd period - Snap shot by Garnet Hathaway.
12:59 of 2nd period - Stopped by Anders Lindback without a rebound.
13:00 of 2nd period - Michael Latta wins face-off versus Marko Dano in Monarchs zone.
13:27 of 2nd period - Slapshot by Dmitri Orlov.
13:27 of 2nd period - Deflect By Lane MacDermid.
13:27 of 2nd period - Stopped by Anders Lindback with a rebound.
13:29 of 2nd period - Slapshot by Cameron Schilling.
13:29 of 2nd period - Stopped by Anders Lindback without a rebound.
13:30 of 2nd period - Corban Knight wins face-off versus Daultan Leveillé in Monarchs zone.
13:35 of 2nd period - Wrist shot by Corban Knight.
13:35 of 2nd period - Goal by Corban Knight - Monarchs : 0 - Demolitions : 4.
13:36 of 2nd period - Daultan Leveillé wins face-off versus Michael Latta in neutral zone.
13:51 of 2nd period - Wrist shot by Michael Latta.
13:51 of 2nd period - Stopped by Anders Lindback with a rebound.
13:52 of 2nd period - Jonathan Drouin beats up Cameron Schilling.
13:52 of 2nd period - Penalty to Cameron Schilling for Fighting.
13:52 of 2nd period - Penalty to Jonathan Drouin for Fighting.
13:53 of 2nd period - Michael Latta wins face-off versus Marko Dano in Monarchs zone.
13:54 of 2nd period - Wrist shot by Spencer Machacek.
13:54 of 2nd period - Shot Misses the Net.
14:45 of 2nd period - Marko Dano is hit by Joel Vermin and loses puck.
14:54 of 2nd period - Snap shot by Billy Sweat.
14:54 of 2nd period - Stopped by Anders Lindback with a rebound.
14:56 of 2nd period - Slapshot by Justin Falk.
14:56 of 2nd period - Shot Misses the Net.
14:58 of 2nd period - Wrist shot by Andrej Nestrasil.
14:58 of 2nd period - Shot Blocked by Will Butcher.
15:00 of 2nd period - Slapshot by Justin Falk.
15:00 of 2nd period - Shot Blocked by Jon Merrill.
15:02 of 2nd period - Wrist shot by Billy Sweat.
15:02 of 2nd period - Stopped by Anders Lindback without a rebound.
15:03 of 2nd period - Daultan Leveillé wins face-off versus Michael Latta in Monarchs zone.
15:03 of 2nd period - Daultan Leveillé is hit by Erik Cole.
15:29 of 2nd period - Dennis Everberg is hit by Robert Bortuzzo and loses puck.
15:57 of 2nd period - Phil McRae is hit by Jake McCabe and loses puck.
16:08 of 2nd period - Robert Bortuzzo is hit by Teuvo Teravainen and loses puck.
16:49 of 2nd period - Slapshot by Dmitri Orlov.
16:49 of 2nd period - Shot Blocked by Jon Merrill.
17:25 of 2nd period - Dmitri Orlov is hit by Joel Armia and loses puck.
17:46 of 2nd period - Snap shot by Corban Knight.
17:46 of 2nd period - Stopped by Anders Lindback without a rebound.
17:47 of 2nd period - Andrej Nestrasil wins face-off versus Daultan Leveillé in Monarchs zone.
17:50 of 2nd period - Wrist shot by Andrej Nestrasil.
17:50 of 2nd period - Stopped by Anders Lindback with a rebound.
18:08 of 2nd period - Jonathan Blum is hit by Josh Morrissey and loses puck.
18:49 of 2nd period - Marko Dano is hit by Billy Sweat and loses puck.
19:20 of 2nd period - Minor Penalty to Lane MacDermid for Tripping.
19:21 of 2nd period - Erik Cole wins face-off versus Marko Dano in Demolitions zone.
19:58 of 2nd period - Slapshot by Chris Tierney.
19:58 of 2nd period - Shot Misses the Net.
Goals for this period are 0 for Monarchs vs 2 for Demolitions.
Shots for this period are 7 for Monarchs vs 19 for Demolitions.

3rd period


0:01 of 3rd period - Marko Dano wins face-off versus Erik Cole in neutral zone.
0:04 of 3rd period - Slapshot by Will Butcher.
0:04 of 3rd period - Shot Blocked by Erik Cole.
0:06 of 3rd period - Snap shot by Andre Burakovsky.
0:06 of 3rd period - Shot Misses the Net.
0:08 of 3rd period - Slapshot by Jake McCabe.
0:08 of 3rd period - Stopped by Connor Hellebyuk with a rebound.
0:10 of 3rd period - Snap shot by Andre Burakovsky.
0:10 of 3rd period - Deflect By Marko Dano.
0:10 of 3rd period - Goal by Marko Dano - Monarchs : 1 - Demolitions : 4.
0:11 of 3rd period - Chris Tierney wins face-off versus Michael Latta in neutral zone.
0:38 of 3rd period - Justin Falk is hit by Daultan Leveillé and loses puck.
1:40 of 3rd period - Slapshot by Cameron Schilling.
1:40 of 3rd period - Stopped by Anders Lindback with a rebound.
1:44 of 3rd period - Snap shot by Spencer Machacek.
1:44 of 3rd period - Shot Blocked by Josh Morrissey.
1:46 of 3rd period - Wrist shot by Michael Latta.
1:46 of 3rd period - Shot Misses the Net.
1:48 of 3rd period - Backhand shot by Dmitri Orlov.
1:48 of 3rd period - Deflect By Erik Cole.
1:48 of 3rd period - Shot Blocked by Alec Martinez.
1:48 of 3rd period - Puck is out of play.
1:49 of 3rd period - Marko Dano wins face-off versus Corban Knight in Monarchs zone.
1:51 of 3rd period - Minor Penalty to Andre Burakovsky for Roughing.
1:52 of 3rd period - Michael Latta wins face-off versus Daultan Leveillé in Monarchs zone.
2:44 of 3rd period - Spencer Machacek is hit by Daultan Leveillé and loses puck.
3:34 of 3rd period - Snap shot by Jon Merrill.
3:34 of 3rd period - Stopped by Connor Hellebyuk with a rebound.
3:51 of 3rd period - Penalty to Andre Burakovsky is over, Andre Burakovsky is back on ice.
4:16 of 3rd period - Wrist shot by Phil McRae.
4:16 of 3rd period - Stopped by Anders Lindback with a rebound.
4:18 of 3rd period - Slapshot by Dmitri Orlov.
4:18 of 3rd period - Deflect By Phil McRae.
4:18 of 3rd period - Stopped by Anders Lindback with a rebound.
4:20 of 3rd period - Slapshot by Cameron Schilling.
4:20 of 3rd period - Shot Blocked by Jake McCabe.
4:22 of 3rd period - Slapshot by Dmitri Orlov.
4:22 of 3rd period - Shot Misses the Net.
4:38 of 3rd period - Snap shot by Daultan Leveillé.
4:38 of 3rd period - Shot Blocked by Billy Sweat.
5:02 of 3rd period - Minor Penalty to Artturi Lehkonen for Delaying the game.
5:03 of 3rd period - Daultan Leveillé wins face-off versus Michael Latta in Monarchs zone.
5:16 of 3rd period - Snap shot by Daultan Leveillé.
5:16 of 3rd period - Stopped by Connor Hellebyuk without a rebound.
5:17 of 3rd period - Michael Latta wins face-off versus Daultan Leveillé in Demolitions zone.
5:42 of 3rd period - Jake McCabe is hit by Lane MacDermid and loses puck.
6:31 of 3rd period - Wrist shot by Cameron Schilling.
6:31 of 3rd period - Goal by Cameron Schilling - Monarchs : 1 - Demolitions : 5.
6:32 of 3rd period - Marko Dano wins face-off versus Corban Knight in neutral zone.
6:45 of 3rd period - Slapshot by Connor Brown.
6:45 of 3rd period - Shot Blocked by Justin Falk.
6:47 of 3rd period - Snap shot by Connor Brown.
6:47 of 3rd period - Shot Blocked by Justin Falk.
6:57 of 3rd period - Jonathan Drouin is hit by Erik Cole and loses puck.
7:37 of 3rd period - Off-side.
7:38 of 3rd period - Phil McRae wins face-off versus Ryan White in neutral zone.
8:03 of 3rd period - Snap shot by Dennis Everberg.
8:03 of 3rd period - Deflect By Artturi Lehkonen.
8:03 of 3rd period - Shot Blocked by Cameron Schilling.
8:03 of 3rd period - Puck is out of play.
8:04 of 3rd period - Michael Latta wins face-off versus Marko Dano in Demolitions zone.
8:09 of 3rd period - Snap shot by Spencer Machacek.
8:09 of 3rd period - Shot Misses the Net.
8:11 of 3rd period - Slapshot by Spencer Machacek.
8:11 of 3rd period - Shot Misses the Net.
8:13 of 3rd period - Snap shot by Spencer Machacek.
8:13 of 3rd period - Shot Misses the Net.
8:15 of 3rd period - Slapshot by Jonathan Blum.
8:15 of 3rd period - Stopped by Anders Lindback with a rebound.
8:17 of 3rd period - Wrist shot by Michael Latta.
8:17 of 3rd period - Shot Misses the Net.
8:19 of 3rd period - Slapshot by Jonathan Blum.
8:19 of 3rd period - Stopped by Anders Lindback without a rebound.
8:20 of 3rd period - Daultan Leveillé wins face-off versus Corban Knight in Monarchs zone.
8:57 of 3rd period - Josh Morrissey is hit by Erik Cole.
9:07 of 3rd period - Wrist shot by Teuvo Teravainen.
9:07 of 3rd period - Goal by Teuvo Teravainen - Monarchs : 2 - Demolitions : 5.
9:08 of 3rd period - Michael Latta wins face-off versus Daultan Leveillé in neutral zone.
9:12 of 3rd period - Off-side.
9:13 of 3rd period - Michael Latta wins face-off versus Daultan Leveillé in neutral zone.
9:24 of 3rd period - Snap shot by Chris Thorburn.
9:24 of 3rd period - Shot Misses the Net.
9:26 of 3rd period - Slapshot by Jon Merrill.
9:26 of 3rd period - Deflect By Dmitri Orlov.
9:26 of 3rd period - Stopped by Connor Hellebyuk with a rebound.
9:28 of 3rd period - Slapshot by Will Butcher.
9:28 of 3rd period - Stopped by Connor Hellebyuk with a rebound.
9:43 of 3rd period - Dmitri Orlov is hit by Will Butcher and loses puck.
10:05 of 3rd period - Joel Armia is hit by Jonathan Blum and loses puck.
10:12 of 3rd period - Joel Vermin is hit by Teuvo Teravainen and loses puck.
10:22 of 3rd period - Off-side.
10:23 of 3rd period - Michael Latta wins face-off versus Daultan Leveillé in neutral zone.
10:51 of 3rd period - Minor Penalty to Lane MacDermid for High sticking.
10:52 of 3rd period - Erik Cole wins face-off versus Marko Dano in Demolitions zone.
10:52 of 3rd period - Erik Cole is hit by Will Butcher.
10:56 of 3rd period - Justin Falk is hit by Jake McCabe and loses puck.
11:03 of 3rd period - Snap shot by Andre Burakovsky.
11:03 of 3rd period - Goal by Andre Burakovsky - Monarchs : 3 - Demolitions : 5.
11:04 of 3rd period - Michael Latta wins face-off versus Marko Dano in neutral zone.
11:30 of 3rd period - Minor Penalty to Lane MacDermid for Hooking.
11:31 of 3rd period - Erik Cole wins face-off versus Marko Dano in Demolitions zone.
11:39 of 3rd period - Slapshot by Marko Dano.
11:39 of 3rd period - Stopped by Connor Hellebyuk with a rebound.
11:41 of 3rd period - Slapshot by Will Butcher.
11:41 of 3rd period - Goal by Will Butcher - Monarchs : 4 - Demolitions : 5.
11:42 of 3rd period - Michael Latta wins face-off versus Daultan Leveillé in neutral zone.
12:35 of 3rd period - Snap shot by Billy Sweat.
12:35 of 3rd period - Shot Misses the Net.
12:37 of 3rd period - Snap shot by Joel Vermin.
12:37 of 3rd period - Goal by Joel Vermin - Monarchs : 4 - Demolitions : 6.
12:38 of 3rd period - Daultan Leveillé wins face-off versus Michael Latta in neutral zone.
12:50 of 3rd period - Slapshot by Daultan Leveillé.
12:50 of 3rd period - Stopped by Connor Hellebyuk with a rebound.
13:13 of 3rd period - Wrist shot by Garnet Hathaway.
13:13 of 3rd period - Goal by Garnet Hathaway - Monarchs : 4 - Demolitions : 7.
13:14 of 3rd period - Connor Brown wins face-off versus Michael Latta in neutral zone.
13:22 of 3rd period - Off-side.
13:23 of 3rd period - Marko Dano wins face-off versus Michael Latta in neutral zone.
13:57 of 3rd period - Snap shot by Andre Burakovsky.
13:57 of 3rd period - Shot Blocked by Jonathan Blum.
14:09 of 3rd period - Snap shot by Connor Brown.
14:09 of 3rd period - Stopped by Connor Hellebyuk without a rebound.
14:10 of 3rd period - Corban Knight wins face-off versus Daultan Leveillé in Demolitions zone.
14:35 of 3rd period - Dmitri Orlov is hit by Teuvo Teravainen and loses puck.
14:44 of 3rd period - Alec Martinez is hit by Taylor Aronson and loses puck.
14:57 of 3rd period - Backhand shot by Brandon McMillan.
14:57 of 3rd period - Shot Misses the Net.
14:59 of 3rd period - Slapshot by Taylor Aronson.
14:59 of 3rd period - Stopped by Anders Lindback with a rebound.
15:01 of 3rd period - Snap shot by Phil McRae.
15:01 of 3rd period - Stopped by Anders Lindback with a rebound.
15:19 of 3rd period - Snap shot by Corban Knight.
15:19 of 3rd period - Shot Misses the Net.
15:25 of 3rd period - Slapshot by Jake McCabe.
15:25 of 3rd period - Stopped by Connor Hellebyuk with a rebound.
16:12 of 3rd period - Justin Falk is hit by Artturi Lehkonen and loses puck.
16:59 of 3rd period - Slapshot by Cameron Schilling.
16:59 of 3rd period - Shot Blocked by Jon Merrill.
17:01 of 3rd period - Slapshot by Garnet Hathaway.
17:01 of 3rd period - Stopped by Anders Lindback without a rebound.
17:02 of 3rd period - Daultan Leveillé wins face-off versus Spencer Machacek in Monarchs zone.
17:06 of 3rd period - Off-side.
17:07 of 3rd period - Michael Latta wins face-off versus Daultan Leveillé in neutral zone.
17:19 of 3rd period - Wrist shot by Chris Thorburn.
17:19 of 3rd period - Stopped by Connor Hellebyuk with a rebound.
17:56 of 3rd period - Off-side.
17:57 of 3rd period - Daultan Leveillé wins face-off versus Phil McRae in neutral zone.
18:02 of 3rd period - Phil McRae is hit by Jon Merrill and loses puck.
18:22 of 3rd period - Slapshot by Dennis Everberg.
18:22 of 3rd period - Stopped by Connor Hellebyuk with a rebound.
18:24 of 3rd period - Snap shot by Dennis Everberg.
18:24 of 3rd period - Stopped by Connor Hellebyuk with a rebound.
18:26 of 3rd period - Snap shot by Ryan White.
18:26 of 3rd period - Shot Misses the Net.
18:30 of 3rd period - Wrist shot by Dennis Everberg.
18:30 of 3rd period - Stopped by Connor Hellebyuk without a rebound.
18:31 of 3rd period - Michael Latta wins face-off versus Marko Dano in Demolitions zone.
18:56 of 3rd period - Jonathan Drouin is hit by Cameron Schilling and loses puck.
19:57 of 3rd period - Jon Merrill is hit by Jonathan Blum and loses puck.
Goals for this period are 4 for Monarchs vs 3 for Demolitions.
Shots for this period are 17 for Monarchs vs 11 for Demolitions.